 Dungeon Crawl Stone Soup version 0.23.2-33-g5129a83184 (webtiles) character file.

Game seed: 4793396067437493241

72 Folque the Conjurer (level 3, -1/28 HPs)
             Began as a Demigod Conjurer on July 12, 2019.
             Slain by an ogre
             ... wielding a +0 giant spiked club
              (29 damage)
             ... on level 2 of the Dungeon.
             The game lasted 00:04:33 (2156 turns).

Folque the Conjurer (Demigod Conjurer)              Turns: 2156, Time: 00:04:33

Health: -1/28      AC:  3    Str: 11    XL:     3   Next: 82%
Magic:  5/10       EV: 12    Int: 21    God:
Gold:   101        SH:  0    Dex: 16    Spells: 1/7 levels left

rFire    . . .     SeeInvis .   l - +0 falchion
rCold    . . .     Gourm    .   (no shield)
rNeg     . . .     Faith    .   a - +0 robe
rPois    .         Spirit   .   (no helmet)
rElec    .         Reflect  .   (no cloak)
rCorr    .         Harm     .   (no gloves)
MR       .....                  s - +0 pair of boots
Stlth    ++........             (no amulet)
HPRegen  0.09/turn              (no ring)
MPRegen  0.12/turn              (no ring)

@: no status effects
A: high mp 1
a: no special abilities


You were on level 2 of the Dungeon.
You were hungry.

You visited 1 branch of the dungeon, and saw 2 of its levels.

You collected 101 gold pieces.

Inventory:

Hand Weapons
 b - a +0 dagger
 l - a +0 falchion (weapon)
Missiles
 r - 4 javelins (quivered)
Armour
 a - a +0 robe (worn)
 s - a +0 pair of boots (worn)
Jewellery
 n - an uncursed ring of fire {unknown}
Scrolls
 d - a scroll of remove curse {unknown}
 f - 4 scrolls of identify {unknown}
 g - a scroll of fear {unknown}
 h - a scroll of enchant armour {unknown}
 i - a scroll of immolation {unknown}
 k - a scroll of enchant weapon {unknown}
 p - a scroll of teleportation {unknown}
 q - a scroll of magic mapping {unknown}
Potions
 e - a potion of degeneration {unknown}
 j - a potion of lignification {unknown}
 m - a potion of curing {unknown}
Comestibles
 c - 7 rations
 o - 5 chunks of flesh


   Skills:
 - Level 1.0 Fighting
 - Level 1.7 Dodging
 - Level 1.7 Stealth
 * Level 2.9 Spellcasting
 + Level 4.2 Conjurations


You had one spell level left.
You knew the following spells:

 Your Spells              Type           Power        Failure   Level  Hunger
a - Magic Dart            Conj           ###.         2%          1    None
b - Searing Ray           Conj           ###...       3%          2    ##.....
c - Dazzling Spray        Conj/Hex       ##....       17%         3    ###....

Your spell library contained the following spells:

 Spells                   Type           Power        Failure   Level  Hunger
 Iskenderun's Mystic Bla  Conj           ###.....     24%         4    ####...
 Force Lance              Conj/Tloc      ##......     50%         4    ####...
 Fulminant Prism          Conj/Hex       ##........   50%         4    ####...


Dungeon Overview and Level Annotations

Branches:
Dungeon (2/15)


Innate Abilities, Weirdness & Mutations

You have an increased reservoir of magic. (+10% MP)


Message History

The ogre is too close now for your liking.
Casting: Magic Dart (safe; 2% risk of failure)
Confirm with . or Enter, or press ? or * to list all spells.
Aiming: Searing Ray (safe; 3% risk of failure)
Press: ? - help, Shift-Dir - straight line, f - ogre
Aim: an ogre, wielding a +0 giant spiked club The searing ray hits the ogre.
The ogre is moderately wounded. (Press . to maintain the ray.)
You are feeling hungry.
The searing ray hits the ogre.
The ogre is moderately wounded.
The searing ray hits the ogre!
The ogre is severely wounded.
The searing ray hits the ogre.
The ogre is almost dead.
You finish channeling your searing ray.
The ogre hits you with a +0 giant spiked club!!
Ouch! That really hurt!
You die...

#.........#(..# #..#
#.#####.###.###
#######.## #.# #.# #.#
#.....)..# ##.#####.#
#.# ##.#####..##
.........# #)#
#####...####...(
##w####### #.#
#..........#.### #.#
#.#####.###...##.#.#
#.#
#..................###
#(###
###..@O...............
#...#
#.###.#....###.#####
###.# #.# #.#.#### #.#
# #(# #.# #.#.### #.#
# #.##### #.# #.....#
#.# ## #.....# #.#
#.....####.# ##.
#####.# #.#
#..........# #.. #.#
#.# #.....###### ##.
#.# #.# #.....#
#######


You could see an ogre.

Vanquished Creatures
  2 adders (D:2)
  2 oozes
  A worm (D:2)
  A dart slug (D:2)
  A giant cockroach (D:2)
  4 goblins
  6 hobgoblins
  7 kobolds
  2 ball pythons (D:2)
  5 bats
  A frilled lizard (D:1)
  12 rats
44 creatures vanquished.

Notes
Turn   | Place    | Note
-------+----------+-------------------------------------------
     0 | D:1      | Folque the Demigod Conjurer began the quest for the Orb.
     0 | D:1      | Reached XP level 1. HP: 14/14 MP: 5/5
   262 | D:1      | Reached XP level 2. HP: 21/22 MP: 7/7
   266 | D:1      | Learned a level 2 spell: Searing Ray
   739 | D:1      | Reached skill level 4 in Conjurations
  1035 | D:2      | Found a sacrificial altar of Ru.
  1035 | D:2      | Found a shattered altar of Ashenzari.
  1036 | D:2      | Found an ancient bone altar of Kikubaaqudgha.
  1117 | D:2      | Reached skill level 1 in Fighting
  1339 | D:2      | Noticed an ogre
  1512 | D:2      | Reached XP level 3. HP: 27/28 MP: 4/9
  1520 | D:2      | Learned a level 3 spell: Dazzling Spray
  1667 | D:2      | Found an ornate altar of the Wu Jian Council.
  2156 | D:2      | Slain by an ogre

Skill      XL: |  1  2 |
---------------+-------+-----
Spellcasting   | 2 |  2.9
Conjurations   | 4 |  4.2
Fighting       | 1 |  1.0
Dodging        | |  1.7
Stealth        | |  1.7

Action                   || total
-------------------------++-------
Melee: Dagger            ||    34
       Falchion          ||    15
 Cast: Magic Dart        ||    29
       Searing Ray       ||    11
 Stab: Sleeping          ||     4
  Eat: Chunk             ||     4
Armor: Robe              ||    15
Dodge: Dodged            ||    43
       Rpst.: Falchion   ||     3
